 Dungeon Crawl Stone Soup version 0.20-a0-4-gd166d5d (webtiles) character file.

7809 Zenonira the Blocker (level 11, -1/75 HPs)
             Began as a Formicid Fighter on Oct 31, 2016.
             Was a Priest of Cheibriados.
             Slain by a cyan ugly thing (12 damage)
             ... on level 10 of the Dungeon.
             The game lasted 00:42:36 (8781 turns).

Zenonira the Blocker (Formicid Fighter)             Turns: 8781, Time: 00:42:37

Health: -1/75      AC: 16    Str: 29    XL:     11   Next: 44%
Magic:  16/16      EV:  9    Int: 14    God:    Cheibriados [***...]
Gold:   402        SH: 23    Dex: 22    Spells: 0 memorised, 10 levels left

rFire  . . .     SeeInvis +     o - +0 battleaxe
rCold  . . .     Gourm    .     b - +0 scale mail
rNeg   . . .     Faith    .     A - +2 large shield
rPois  .         Spirit   .     (helmet unavailable)
rElec  .         Reflect  .     j - +1 cloak
rCorr  .         Harm     .     E - +0 pair of gloves
MR     +....                    K - +2 pair of boots
Stlth  ..........               y - amulet of regeneration
                                I - +3 ring of protection
                                M - +2 ring of dexterity

@: very slow
A: permanent stasis, dig shafts and tunnels, four strong arms, antennae 3
a: Dig, Shaft Self, Bend Time, Temporal Distortion, Renounce Religion


You were on level 10 of the Dungeon.
You worshipped Cheibriados.
Cheibriados was most pleased with you.
You were not hungry.

You visited 2 branches of the dungeon, and saw 11 of its levels.

You collected 486 gold pieces.
You spent 84 gold pieces at shops.

Inventory:

Hand Weapons
 a - a +1 war axe
 o - a +0 battleaxe (weapon)
Missiles
 x - 3 throwing nets (quivered)
Armour
 b - a +0 scale mail (worn)
 c - a +0 shield
 j - a +1 cloak (worn)
 t - the +0 pair of boots "Age Niympou" {rPois MR- Slay+2 Stlth+}
   (You found it on level 6 of the Dungeon)

   It affects your accuracy and damage with ranged weapons and melee attacks
   (+2).
   It protects you from poison.
   It affects your resistance to hostile enchantments.
   It makes you more stealthy.
 A - a +2 large shield (worn)
 E - a +0 pair of gloves (worn)
 K - a +2 pair of boots (worn)
Jewellery
 g - an uncursed ring of flight
 s - an uncursed amulet of guardian spirit
 y - an amulet of regeneration (around neck)
 I - a +3 ring of protection (right hand)
 M - a +2 ring of dexterity (left hand)
Wands
 d - a wand of polymorph (6/24)
 e - a wand of polymorph (13/24)
 l - a wand of confusion (31/48)
Scrolls
 i - 4 scrolls of noise
 k - a scroll of enchant weapon
 N - a scroll of magic mapping
Potions
 h - 5 potions of curing
 m - a potion of might
 n - a potion of agility
 p - 2 potions of lignification
 r - a potion of ambrosia
 u - 5 potions of flight
 D - 3 potions of cancellation
 F - 2 potions of magic {unknown}
 G - 3 potions of mutation
 J - a potion of berserk rage {unknown}
Books
 B - a book of Minor Magic

   Spells                             Type                      Level
   a - Magic Dart                     Conjuration                  1
   b - Blink                          Translocation                2
   c - Call Imp                       Summoning                    2
   d - Repel Missiles                 Charms/Air                   2
   e - Slow                           Hexes                        2
   f - Conjure Flame                  Conjuration/Fire             3
   g - Mephitic Cloud                 Conjuration/Poison/Air       3
Comestibles
 f - 10 bread rations
 q - 17 fruits
 v - 4 meat rations
 w - 11 beef jerkies
 z - 3 chunks of flesh
 C - a slice of pizza


   Skills:
 - Level 3.2 Fighting
 + Level 11.3 Axes
 - Level 3.2 Armour
 + Level 13.2 Shields
 + Level 7.6 Invocations


You had 10 spell levels left.
You didn't know any spells.

Dungeon Overview and Level Annotations

Branches:
Dungeon (10/15)            Temple (1/1) D:6            Lair (0/6) D:9
    Orc: D:9-12

Altars:
Ashenzari
Cheibriados
Dithmenos
Elyvilon
Fedhas
Gozag
Hepliaklqana
Kikubaaqudgha
Makhleb
Nemelex Xobeh
Okawaru
Qazlal
Ru
Sif Muna
Trog
Uskayaw
Vehumet
Xom
Yredelemnul
Zin
The Shining One

Shops:
D:4 *   D:9 (


Innate Abilities, Weirdness & Mutations

You are under a permanent stasis effect.
You can dig through walls and to a lower floor.
Your four strong arms can wield two-handed weapons with a shield.
You have a pair of large antennae on your head. (SInv)


Message History

Found a stone staircase leading up.
You slash the cyan ugly thing!
The cyan ugly thing is lightly wounded.
The cyan ugly thing punches you! The cyan ugly thing shocks you!
You slice the cyan ugly thing!!
The cyan ugly thing is heavily wounded.
The cyan ugly thing punches you! The cyan ugly thing shocks you!
You slice the cyan ugly thing!!
The cyan ugly thing is severely wounded.
You block the cyan ugly thing's attack.
You hit the cyan ugly thing but do no damage.
The cyan ugly thing is severely wounded.
The cyan ugly thing punches you. The cyan ugly thing shocks you!
* * * LOW HITPOINT WARNING * * *
You are too injured to fight recklessly!
You are too injured to fight recklessly!
You closely miss the cyan ugly thing.
The cyan ugly thing is severely wounded.
You block the cyan ugly thing's attack. The cyan ugly thing punches you!
You die...

....####....####........
....# #....#..#........
....# #....#..#........
....# #....#..'........
....####....#'##........
..####....###.#......###
..'..'....#...#......#
..#..#....'...#......#
..#..#....#####.@....#
..#.(#....# #..u.......
..#.(#....# #..........
..#.(#....# #..........
..#).#....# #.........<
..#..'....# #..........
..#..#....## #..........
###..#.....# #########..
.....#.....#


You could see a cyan ugly thing.

Vanquished Creatures
  Erolcha (D:9)
  A hill giant (D:10)
  Pikel (D:4)
  An elephant (D:9)
  Joseph (D:7)
  The ghost of brucemayne the Cleaver, a novice HOMo of Makhleb (D:9)
  Prince Ribbit (D:7)
  2 hippogriffs
  Grinder (D:4)
  A wyvern (D:9)
  A hungry ghost (D:7)
  Menkaure (D:7)
  A mottled dragon (D:8)
  Edmund (D:4)
  Duvessa (D:7)
  A sky beast (D:9)
  3 ice beasts
  3 orc warriors
  Purgy (D:4)
  3 slaves (D:4)
  An eye of draining (D:8)
  7 ogres
  A necrophage (D:8)
  3 centaurs
  2 crocodiles (D:9)
  2 bullfrogs
  Dowan (D:7)
  3 scorpions
  8 wights
  5 howler monkeys
  3 crimson imps
  4 hounds
  5 orc wizards
  4 centaur skeletons
  A human zombie (D:4)
  A bullfrog skeleton (D:6)
  2 jellies (D:8)
  7 worker ants
  2 hound skeletons
  11 adders
  2 oozes
  An adder zombie (D:6)
  2 adder skeletons
  A worm (D:3)
  6 dart slugs
  2 leopard geckos
  27 orcs
  11 bats
  3 giant cockroaches (D:4)
  9 goblins
  4 hobgoblins
  15 jackals
  8 kobolds
  4 quokkas
  2 ball pythons
  4 frilled lizards
  A jackal skeleton (D:5)
  A jackal zombie (D:8)
  10 rats
213 creatures vanquished.

Vanquished Creatures (others)
  A slave (D:4)
  A human (D:4)
  A shadow imp (D:4)
  A dart slug (D:4)
4 creatures vanquished.

Grand Total: 217 creatures vanquished

Notes
Turn   | Place    | Note
-------+----------+-------------------------------------------
     0 | D:1      | Zenonira the Formicid Fighter began the quest for the Orb.
     0 | D:1      | Reached XP level 1. HP: 18/18 MP: 1/1
    77 | D:1      | Reached XP level 2. HP: 13/24 MP: 2/2
   114 | D:1      | Reached skill level 4 in Shields
   498 | D:1      | Reached XP level 3. HP: 27/29 MP: 3/3
  1312 | D:2      | Reached XP level 4. HP: 33/35 MP: 4/4
  1988 | D:3      | Found an opulent altar of Gozag.
  2021 | D:3      | Reached skill level 5 in Shields
  2021 | D:3      | Reached XP level 5. HP: 35/41 MP: 5/5
  2508 | D:3      | Found a sacrificial altar of Ru.
  2906 | D:4      | Reached XP level 6. HP: 47/47 MP: 6/6
  2908 | D:4      | Noticed Grinder
  2940 | D:4      | Killed Grinder
  2940 | D:4      | Reached skill level 5 in Axes
  2940 | D:4      | Reached skill level 6 in Shields
  2940 | D:4      | Reached XP level 7. HP: 33/52 MP: 7/7
  3155 | D:4      | Noticed Pikel
  3203 | D:4      | Killed Pikel
  3203 | D:4      | Reached skill level 8 in Shields
  3203 | D:4      | Reached XP level 8. HP: 20/58 MP: 8/8
  3209 | D:4      | HP: 1/58 [freed slave[Pikel] (7)]
  3636 | D:4      | Found an ancient bone altar of Kikubaaqudgha.
  3636 | D:4      | Noticed a human
  3638 | D:4      | Killed a human
  3668 | D:4      | Noticed Purgy
  3688 | D:4      | Killed Purgy
  3843 | D:4      | Noticed Edmund
  3909 | D:4      | Killed Edmund
  3971 | D:4      | Found Kavaux's General Store.
  3976 | D:4      | Bought a potion of curing for 39 gold pieces
  3976 | D:4      | Bought a cursed +0 cloak for 45 gold pieces
  4190 | D:5      | Entered Level 5 of the Dungeon
  4387 | D:5      | Reached skill level 9 in Shields
  4503 | D:5      | Reached XP level 9. HP: 64/64 MP: 9/9
  5075 | D:6      | Reached skill level 10 in Shields
  5150 | D:6      | Found a staircase to the Ecumenical Temple.
  5160 | Temple   | Entered the Ecumenical Temple
  5325 | Temple   | Became a worshipper of Cheibriados the Contemplative
  5628 | D:6      | Got a pair of dazzling boots
  5635 | D:6      | Identified the cursed +0 pair of boots "Age Niympou" {rPois MR- Slay+2 Stlth+} (You found it on level 6 of the Dungeon)
  6185 | D:7      | Noticed Prince Ribbit
  6211 | D:7      | Noticed Duvessa
  6213 | D:7      | Noticed Dowan
  6221 | D:7      | Killed Duvessa
  6221 | D:7      | Reached * piety under Cheibriados
  6221 | D:7      | Reached skill level 11 in Shields
  6249 | D:7      | Killed Dowan
  6339 | D:7      | Reached XP level 10. HP: 58/70 MP: 10/10
  6486 | D:7      | Killed Prince Ribbit
  6486 | D:7      | Reached skill level 1 in Invocations
  6600 | D:7      | Noticed Menkaure
  6611 | D:7      | Killed Menkaure
  6768 | D:7      | Noticed Joseph
  6798 | D:7      | Killed Joseph
  6798 | D:7      | Reached skill level 10 in Axes
  7281 | D:8      | Reached skill level 12 in Shields
  7495 | D:8      | Reached ** piety under Cheibriados
  7500 | D:8      | Reached skill level 5 in Invocations
  8049 | D:9      | Noticed brucemayne's ghost (novice HOMo)
  8050 | D:9      | Found Teuwus's Antique Weapon Boutique.
  8059 | D:9      | Killed brucemayne's ghost
  8062 | D:9      | Reached XP level 11. HP: 67/75 MP: 15/15
  8143 | D:9      | Noticed Erolcha
  8151 | D:9      | Killed Erolcha
  8393 | D:9      | Found a staircase to the Lair.
  8393 | D:9      | Noticed an elephant
  8414 | D:9      | Killed an elephant
  8414 | D:9      | Reached skill level 13 in Shields
  8427 | D:9      | Reached *** piety under Cheibriados
  8546 | D:10     | Entered Level 10 of the Dungeon
  8555 | D:10     | Found a shadowy altar of Dithmenos.
  8578 | D:10     | Noticed a hill giant
  8587 | D:10     | Killed a hill giant
  8774 | D:10     | Noticed a cyan ugly thing
  8781 | D:10     | Slain by a cyan ugly thing

Vault maps used:
D:1:      dpeg_arrival_boxorama
D:3:      hangedman_ru_absence, kennysheep_another_room, grunt_gozag_statues
D:4:      serial_shops, shop, first_bread, tgw_kikubaaqudgha, uniq_grinder,
          uniq_pikel, uniq_purgy, uniq_edmund
D:7:      grunt_ogre_cave, uniq_joseph, uniq_prince_ribbit1, uniq_duvessa,
          uniq_menkaure
D:8:      minmay_opposing_rooms
D:9:      david_lair_generic, serial_shops, shop_fountains, minivault_1,
          uniq_erolcha
D:10:     nicolae_dithmenos_through_a_glass_darkly, uniq_fannar
Temple:   regret_index_temple_chain_breaker

Skill      XL: |  1  2  3  4  5  6  7  8  9 10 11 |
---------------+----------------------------------+-----
Shields        | 4 5 6 8 9 11 12 13 | 13.2
Axes           | 3 4 5 6 7 9 10 11 | 11.3
Invocations    | 5 7 |  7.6
Fighting       | |  3.2
Armour         | |  3.2

Action                   |  1- 3 |  4- 6 |  7- 9 | 10-12 || total
-------------------------+-------+-------+-------+-------++-------
Melee: War axe           |    87 |   158 |   324 |       ||   569
       Unarmed           |       |       |    13 |       ||    13
       Battleaxe         |       |       |    63 |   259 ||   322
 Abil: Dig               |       |       |     5 |       ||     5
  Use: Scroll            |       |       |    15 |     5 ||    20
       Potion            |       |       |     2 |       ||     2
 Stab: Sleeping          |       |       |       |     1 ||     1
  Eat: Chunk             |     1 |     5 |    12 |     7 ||    25
Armor: Scale mail        |    43 |    55 |    72 |    50 ||   220
Dodge: Dodged            |    36 |    42 |    47 |    46 ||   171
Block: Shield            |    55 |    70 |       |       ||   125
       Large shield      |       |    45 |   343 |   273 ||   661
